 Dungeon Crawl Stone Soup version 0.20.1 (console) character file.

233 bli the Skirmisher (level 5, -3/43 HPs)
             Began as a Demonspawn Monk on July 2, 2017.
             Killed from afar by an orc wizard (5 damage)
             ... with a magic dart
             ... on level 3 of the Dungeon.
             The game lasted 00:07:25 (2460 turns).

bli the Skirmisher (Demonspawn Monk)                Turns: 2460, Time: 00:07:26

Health: -3/43      AC:  4    Str: 11    XL:     5   Next: 74%
Magic:  5/5        EV: 14    Int: 11    God:
Gold:   182        SH:  0    Dex: 17    Spells: 4/4 levels left

rFire    + . .     SeeInvis .   a - +0 hand axe
rCold    . . .     Gourm    .   (no shield)
rNeg     . . .     Faith    .   b - +0 robe
rPois    .         Spirit   .   (no helmet)
rElec    .         Reflect  .   (no cloak)
rCorr    .         Harm     .   (no gloves)
MR       .....                  (no boots)
Stlth    ++........             o - amulet of inaccuracy (curse)
Regen    0.2/turn               (no ring)
MPRegen  0.1/turn               (no ring)

@: no status effects
A: icy blue scales 1, fire resistance 1
a: no special abilities


You were on level 3 of the Dungeon.
You were not hungry.

You visited 1 branch of the dungeon, and saw 4 of its levels.

You collected 182 gold pieces.

Inventory:

Hand Weapons
 a - a +0 hand axe (weapon)
 i - a +1 dagger of venom
Armour
 b - a +0 robe (worn)
 d - a +0 scale mail
 m - a +0 leather armour
 p - a +0 ring mail
Jewellery
 o - a cursed amulet of inaccuracy (around neck)
Scrolls
 e - a scroll of magic mapping {unknown}
 j - 2 scrolls of teleportation
 l - 2 scrolls of remove curse {unknown}
 n - a scroll of identify {unknown}
Potions
 k - a potion of invisibility {unknown}
Comestibles
 c - 3 bread rations
 f - a fruit
 g - a chunk of flesh
 h - a royal jelly


   Skills:
 * Level 4.4 Fighting
 + Level 3.7 Axes
 * Level 4.1 Dodging
 + Level 2.2 Stealth


You had 4 spell levels left.
You didn't know any spells.

Dungeon Overview and Level Annotations

Branches:
Dungeon (4/15)
 Temple: D:4-7

Altars:

Annotations:
D:4 Pikel


Innate Abilities, Weirdness & Mutations

You are partially covered in icy blue scales. (AC +2)
Your flesh is heat resistant. (rF+)


Message History

You hit the orc.
You kill the orc!
The orc wizard hits you with a dagger.
* * * LOW HITPOINT WARNING * * *
Things that are here:
a mace; a leather armour; an orc corpse You hit the orc.
The orc is lightly wounded.
You hit the orc wizard.
The orc wizard gestures at you while chanting.
The magic dart hits you!
* * * LOW HITPOINT WARNING * * *
The orc barely misses you.
The orc wizard mumbles some strange words.
The orc wizard blinks!
The orc wizard gestures at you while chanting.
You resist with some effort. The orc closely misses you.
The orc wizard casts a spell at you. The magic dart hits you!
You die...

#.##<.....#.#### ##.#####.#
.###....#.#.# #.....##.####
## #.#....#.#
###.#.#......). #....###.#
##...#...##.#### ###...##.#
#..#####....# ## #......#
#....# ..#### #. #...####
#.##.#.# # #.
#..>##.######.##...# #. #
#...#.#.##........... ##
#.####)...###.#ยง....#####..
.........## ##)o@...# .
........## ##..o..## #
.........## ##.........# #
..####....###...#.#.#### # #
#...#.#....#.#... #
#...##.#####...### #...####
##. # #...# .# #### ....# .
.... #.#.## ..o. .... ...


You could see an orc wizard and an orc.

Vanquished Creatures
  The ghost of KleinerIrrer the Covert, an amateur OpAs (D:3)
  A gnoll (D:1)
  3 adders
  A worm (D:2)
  6 dart slugs
  A leopard gecko (D:1)
  An orc (D:3)
  4 bats
  6 giant cockroaches
  6 hobgoblins
  4 jackals (D:2)
  4 frilled lizards
  8 goblins
  10 kobolds
  7 rats
63 creatures vanquished.

Notes
Turn   | Place    | Note
-------+----------+-------------------------------------------
     0 | D:1      | bli the Demonspawn Monk began the quest for the Orb.
     0 | D:1      | Reached XP level 1. HP: 18/18 MP: 1/1
   400 | D:1      | Gained mutation: You are partially covered in icy blue scales. (AC +2) [demonic ancestry]
   400 | D:1      | Reached XP level 2. HP: 24/24 MP: 2/2
   777 | D:1      | Gained mutation: Your flesh is heat resistant. (rF+) [demonic ancestry]
   777 | D:1      | Reached XP level 3. HP: 24/29 MP: 3/3
  1743 | D:2      | Reached XP level 4. HP: 8/37 MP: 4/4
  2102 | D:3      | Noticed KleinerIrrer's ghost (amateur OpAs)
  2122 | D:4      | Noticed a slave
  2122 | D:4      | Noticed a slave
  2123 | D:4      | Noticed Pikel
  2123 | D:4      | Noticed a slave
  2125 | D:4      | Noticed a slave
  2178 | D:3      | Killed KleinerIrrer's ghost
  2178 | D:3      | Reached XP level 5. HP: 17/42 MP: 5/5
  2458 | D:3      | HP: 1/43 [orc wizard/magic dart (7)]
  2460 | D:3      | Killed from afar by an orc wizard

Skill      XL: |  1  2  3  4 |
---------------+-------------+-----
Dodging        | 3 4 |  4.1
Axes           | 3 |  3.7
Stealth        | 2 |  2.2
Fighting       | 4 |  4.4

Action                   |  1- 3 |  4- 6 || total
-------------------------+-------+-------++-------
Melee: Hand axe          |   162 |   102 ||   264
  Use: Potion            |     2 |       ||     2
       Scroll            |       |     1 ||     1
 Stab: Sleeping          |     6 |     6 ||    12
  Eat: Chunk             |     3 |     2 ||     5
Armor: Robe              |    30 |    24 ||    54
Dodge: Dodged            |   111 |    68 ||   179
